Map: Dusk Towers

Players

Miszu - Winner!

  • Race: Terran Terran
  • League: Grandmaster

ArchangeL

  • Race: Terran Terran
  • League: Master

VOD

Have the link to the VOD?

Description

Time

  • Played on: May 17, 2016, 12:19 p.m.
  • Length: 12:42
Show
View Real Time Build Order
Export as new Build Order

Miszu Terran - Winner!

Build Orders: Bio Tank 

Get SALT Encoding   

  12  0:00  SCV  
  13  0:12  SCV  
  14  0:17  Supply Depot  
  14  0:24  SCV  
  15  0:38  SCV  
  15  0:40  Barracks  
  16  0:44  Refinery  
  16  0:51  SCV  
  17  1:03  SCV  
  18  1:15  SCV  
  19  1:29  Barracks Reactor, Orbital Command  
  19  1:42  Command Center  
  19  1:50  Supply Depot  
  19  1:54  SCV  
  19  2:00  Refinery  
  20  2:06  Marine, SCV  
  22  2:10  Marine  
  23  2:19  Factory  
  23  2:22  SCV  
  24  2:26  Marine  
  24  2:28  Marine  
  26  2:34  SCV  
  27  2:44  Marine  
  27  2:45  Marine  
  27  2:50  SCV  
  30  2:55  Orbital Command  
  30  3:03  Starport, Factory Tech Lab  
  30  3:04  SCV  
  31  3:06  Marine  
  31  3:09  Marine  
  33  3:17  Supply Depot  
  33  3:18  SCV  
  34  3:21  SCV  
  34  3:25  Widow Mine  
  37  3:30  SCV  
  37  3:33  SCV  
  39  3:39  Supply Depot, Medivac  
  41  3:42  SCV  
  41  3:46  SCV  
  43  3:54  SCV  
  43  3:55  Siege Tank  
  47  3:59  SCV  
  48  4:06  SCV  
  48  4:09  Viking  
  51  4:17  SCV  
  51  4:18  Command Center  
  52  4:25  Supply Depot, SCV  
  52  4:27  Siege Tank  
  52  4:29  SCV  
  57  4:33  Marine x2  
  57  4:37  SCV  
  60  4:41  Barracks, SCV  
  60  4:44  Barracks  
  61  4:49  SCV  
  62  4:57  Marine x2  
  58  5:08  SCV x2  
  58  5:10  Refinery x2  
  58  5:11  Siege Tank  
  61  5:15  Marine x2  
  61  5:19  Starport Reactor  
  61  5:20  SCV  
  64  5:21  SCV  
  64  5:22  Engineering Bay x2  
  65  5:29  Barracks Tech Lab  
  65  5:30  Barracks Tech Lab  
  65  5:32  SCV, Orbital Command  
  65  5:33  SCV  
  65  5:34  Marine  
  68  5:36  Marine  
  69  5:43  Siege Tank  
  69  5:44  SCV  
  69  5:48  Terran Infantry Weapons Level 1  
  69  5:49  Terran Infantry Armor Level 1  
  73  5:50  Stimpack  
  73  5:51  Marine, SCV  
  73  5:52  Marine  
  76  6:01  Orbital Command  
  76  6:02  Barracks x2  
  76  6:04  SCV  
  76  6:05  SCV  
  76  6:09  Medivac  
  76  6:10  Medivac  
  82  6:15  Missile Turret  
  81  6:26  Marine x2  
  81  6:30  SCV x2, Missile Turret x2  
  85  6:36  SCV  
  85  6:37  Supply Depot x3  
  86  6:42  SCV x2  
  86  6:43  Armory  
  88  6:47  Medivac  
  88  6:48  SCV  
  88  6:52  Combat Shields  
  88  6:54  Barracks Reactor x2  
  91  6:57  SCV  
  92  7:02  Refinery x2  
  92  7:05  SCV x2  
  94  7:09  SCV  
  95  7:17  SCV  
  86  7:29  SCV x2  
  80  7:33  SCV  
  79  7:39  Marine, Terran Vehicle Weapons Level 1  
  79  7:40  Marine x2  
  79  7:41  Marine, SCV x2  
  79  7:42  Siege Tank  
  88  7:45  SCV  
  88  7:49  Terran Infantry Weapons Level 2  
  88  7:50  Terran Infantry Armor Level 2  
  89  7:52  Factory  
  89  7:53  SCV x2  
  89  7:55  Marine  
  89  7:56  Marine x3  
  89  7:57  Supply Depot, SCV  
  89  7:58  Supply Depot  
  96  8:04  Sensor Tower  
  96  8:05  Marine, SCV x2  
  97  8:07  Sensor Tower  
  100  8:15  Siege Tank  
  100  8:16  SCV  
  100  8:17  SCV  
  100  8:18  Medivac, SCV  
  108  8:25  Factory  
  107  8:29  Supply Depot  
  107  8:31  Supply Depot, Marine x3  
  107  8:32  Supply Depot  
  110  8:37  Factory Tech Lab  
  110  8:43  Marine x5  
  110  8:47  Siege Tank  
  118  8:48  Marine  
  118  8:49  Marine x2  
  118  8:51  Medivac x2  
  125  8:59  Siege Tank  
  125  9:01  Marine x3  
  131  9:07  Supply Depot, Command Center  
  131  9:08  Supply Depot  
  131  9:19  Siege Tank  
  131  9:21  Medivac x2  
  137  9:24  Marine x8  
  145  9:31  Siege Tank  
  145  9:32  Supply Depot  
  145  9:33  Supply Depot  
  145  9:35  Supply Depot  
  140  9:42  Marine  
  140  9:45  Marine x3  
  143  9:50  Terran Vehicle Weapons Level 2  
  143  9:51  Siege Tank  
  147  9:57  Medivac  
  147  9:59  Marine  
  150  10:03  Siege Tank  
  153  10:13  Marine  
  153  10:14  Marine x6  
  157  10:17  Marine  
  157  10:18  Barracks x2  
  157  10:19  Barracks  
  160  10:31  Marine x5  
  160  10:32  Marine x2, Siege Tank  
  160  10:35  Marine, Siege Tank  
  151  10:51  Marine  
  151  10:52  Marine x7  
  158  11:04  Siege Tank  
  158  11:06  Planetary Fortress  
  158  11:07  Siege Tank  
  158  11:09  Marine  
  158  11:10  Marine  
  166  11:18  Refinery  
  166  11:19  Barracks Reactor x2  
  166  11:24  Refinery, Sensor Tower  
  166  11:26  Medivac  
  166  11:32  Medivac  
  170  11:36  Siege Tank  
  147  11:55  Marine x9  
  147  12:01  Marine x4  
  146  12:08  Medivac x2  
  151  12:12  Marine  
  151  12:13  Marine x8  
  162  12:18  Marine  
  162  12:19  Marine x3  
Show
View Real Time Build Order
Export as new Build Order

ArchangeL Terran 

Build Orders: Reaper Expand, Bio Tank 

Get SALT Encoding   

  12  0:01  SCV  
  13  0:13  SCV  
  14  0:18  Supply Depot  
  14  0:25  SCV  
  15  0:39  SCV  
  15  0:40  Barracks  
  16  0:44  Refinery  
  16  0:51  SCV  
  17  1:03  SCV  
  18  1:16  SCV  
  19  1:28  Orbital Command  
  19  1:29  Reaper  
  20  1:39  Command Center  
  20  1:52  Supply Depot  
  20  1:54  SCV  
  20  2:00  Marine  
  22  2:06  SCV  
  22  2:07  Barracks  
  23  2:18  SCV  
  23  2:21  Factory  
  24  2:24  Barracks Reactor  
  24  2:31  SCV  
  25  2:42  Refinery  
  25  2:43  SCV  
  25  2:51  Orbital Command  
  26  2:53  Refinery  
  26  2:55  SCV  
  26  2:56  Barracks Tech Lab  
  27  3:00  Marine x2  
  29  3:07  SCV  
  29  3:11  Widow Mine  
  32  3:14  Marine  
  32  3:15  Stimpack  
  32  3:18  Marine x2, SCV  
  36  3:23  Engineering Bay  
  36  3:27  SCV  
  37  3:37  Marine x2  
  37  3:39  Starport  
  37  3:40  SCV  
  40  3:42  SCV  
  40  3:48  Marine  
  41  3:53  Supply Depot x2  
  41  3:55  SCV  
  43  3:56  SCV  
  43  3:59  Marine  
  43  4:00  Marine  
  46  4:07  SCV, Factory Reactor  
  46  4:14  Marine  
  46  4:15  SCV  
  48  4:18  Viking  
  48  4:19  SCV  
  48  4:21  Marine  
  52  4:28  SCV  
  53  4:31  Supply Depot  
  53  4:33  SCV  
  53  4:34  Marine  
  55  4:39  Terran Infantry Weapons Level 1  
  55  4:41  SCV  
  55  4:45  SCV  
  57  4:46  Supply Depot  
  57  4:51  Marine x2  
  59  4:53  SCV  
  59  4:55  Factory Tech Lab  
  52  5:10  Marine, Medivac x2  
  52  5:11  Marine x2, SCV x2  
  61  5:16  Siege Tank, Combat Shields  
  64  5:23  SCV  
  64  5:24  SCV  
  66  5:30  Barracks  
  66  5:31  Marine  
  66  5:32  Marine x2  
  69  5:36  SCV  
  69  5:38  SCV  
  71  5:45  Medivac x2  
  71  5:48  Siege Tank  
  78  5:53  Supply Depot  
  78  5:57  Supply Depot, Marine  
  78  5:59  Marine x2  
  78  6:01  SCV x2  
  83  6:07  Supply Depot  
  83  6:13  SCV x2  
  83  6:15  Marine  
  86  6:24  Marine  
  86  6:25  Marine  
  83  6:36  Marine x2  
  83  6:37  Siege Tank  
  88  6:40  Command Center  
  88  6:41  Medivac x2  
  88  6:45  Barracks  
  88  6:46  Terran Infantry Armor Level 1, Barracks  
  92  6:54  Marine x2  
  93  6:56  SCV  
  93  6:57  SCV  
  93  6:59  Marine  
  93  7:00  Barracks Reactor  
  97  7:11  Marine  
  91  7:27  Marine  
  91  7:28  Siege Tank  
  78  7:32  Marine  
  78  7:33  Barracks Reactor, Medivac x2  
  78  7:36  SCV x2  
  81  7:39  Marine x3, Refinery  
  81  7:41  Barracks Reactor  
  84  7:45  Marine  
  84  7:48  SCV x2  
  84  7:50  Engineering Bay, Marine  
  88  7:53  Supply Depot x2  
  88  7:54  Supply Depot, Armory  
  88  7:56  Refinery, Marine  
  88  7:57  Orbital Command  
  89  7:58  Marine  
  89  7:59  Marine  
  89  8:00  SCV  
  89  8:02  Siege Tank  
  89  8:05  Marine  
  96  8:06  SCV  
  96  8:08  Marine  
  96  8:10  Marine x2  
  96  8:12  SCV  
  101  8:14  Marine  
  101  8:16  Marine  
  101  8:17  Orbital Command  
  104  8:20  Supply Depot  
  104  8:22  Marine  
  104  8:23  Marine  
  104  8:26  Marine x2  
  108  8:27  Sensor Tower  
  108  8:28  Marine  
  108  8:32  Factory  
  108  8:34  Factory  
  108  8:38  Marine x3  
  108  8:39  Barracks Reactor  
  111  8:46  Marine x3  
  111  8:47  Marine  
  115  8:54  Marine  
  119  8:55  Siege Tank  
  119  8:59  Terran Infantry Weapons Level 2  
  119  9:04  Supply Depot  
  119  9:09  Terran Infantry Armor Level 2, Marine  
  120  9:10  Marine x3  
  120  9:13  Refinery  
  122  9:18  Marine x4  
  122  9:19  Marine x2  
  126  9:27  Marine, Siege Tank  
  130  9:38  Marine x9  
  130  9:45  Marine  
  140  9:46  Siege Tank  
  140  9:47  Sensor Tower  
  143  9:54  Terran Vehicle Weapons Level 1  
  143  9:56  Marine x4, Command Center  
  143  9:57  Medivac  
  143  9:58  Marine x3  
  155  10:00  Siege Tank  
  155  10:03  Marine x2  
  157  10:10  Supply Depot x2  
  155  10:22  Marine x8  
  155  10:23  Marine x2, Siege Tank  
  165  10:40  Marine x5  
  164  10:48  Marine x3  
  164  10:49  Marine x2  
  131  10:58  Marine x5  
  131  10:59  Siege Tank x2  
  141  11:06  Marine x4  
  141  11:09  Marine  
  146  11:14  Supply Depot  
  146  11:15  Supply Depot, Marine  
  146  11:16  Marine  
  146  11:18  Marine x3, Barracks  
  148  11:24  Marine  
  109  11:48  Marine  
  109  11:53  Marine x6  
  109  11:54  Marine x3  
  106  11:57  Planetary Fortress  
  103  12:02  Siege Tank  
  103  12:06  Marine  
  107  12:11  Marine x7  
  107  12:12  Barracks Reactor  
  107  12:13  Marine x2  
  116  12:24  Marine  
Tags
 
Add a new tag
Caveats
  • Supply blocks, unpowered buildings, or Contaminate may cause inaccurate times.
  • Supply counts are checked every 10 seconds.